 Dungeon Crawl Stone Soup version 0.21-a0-509-gecc5317 (webtiles) character file.

7 BingusPrime the Insei (level 2, -3/18 HPs)
             Began as an Octopode Transmuter on Nov 29, 2017.
             Slain by a goblin
             ... wielding a +0 club
              (4 damage)
             ... on level 1 of the Dungeon.
             The game lasted 00:01:36 (296 turns).

BingusPrime the Insei (Octopode Transmuter)          Turns: 296, Time: 00:01:36

Health: -3/18      AC:  1    Str:  9    XL:     2   Next: 0%
Magic:  5/5        EV: 13    Int: 15    God:
Gold:   0          SH:  0    Dex: 12    Spells: 4/5 levels left

rFire    . . .     SeeInvis .   d - +0 dagger
rCold    . . .     Gourm    .   (no shield)
rNeg     . . .     Faith    .   (helmet restricted)
rPois    .         Spirit   .   (no amulet)
rElec    .         Reflect  .   (no ring)
rCorr    .         Harm     .   (no ring)
MR       .....                  (no ring)
Stlth    ++........             (no ring)
HPRegen  0.06/turn              (no ring)
MPRegen  0.09/turn              (no ring)
                                (no ring)
                                (no ring)

@: no status effects
A: almost no armour, stealthy swim, amphibious, 8 rings, constrict 8, camouflage
1, gelatinous body 1
a: no special abilities


You were on level 1 of the Dungeon.
You were not hungry.

You visited 1 branch of the dungeon, and saw 1 of its levels.

Inventory:

Hand Weapons
 d - a +0 dagger (weapon)
 f - a +0 dagger
Missiles
 a - 12 arrows
Potions
 e - a potion of flight {unknown}
Books
 b - a book of Changes

   Spells                             Type                      Level
   a - Beastly Appendage              Transmutation                1
   b - Sticks to Snakes               Transmutation                2
   c - Spider Form                    Transmutation/Poison         3
   d - Ice Form                       Ice/Transmutation            4
   e - Blade Hands                    Transmutation                5
Comestibles
 c - a bread ration
 g - 2 fruits


   Skills:
 + Level 1.0 Fighting
 * Level 0.1 Short Blades
 + Level 2.0 Dodging
 + Level 0.5 Stealth
 - Level 3.3 Unarmed Combat
 + Level 2.0 Spellcasting
 + Level 2.1 Transmutations


You had 4 spell levels left.
You knew the following spells:

 Your Spells              Type           Power        Failure   Level  Hunger
a - Beastly Appendage     Tmut           #.....       10%         1    #......


Dungeon Overview and Level Annotations

Branches:
Dungeon (1/15)

Altars:


Innate Abilities, Weirdness & Mutations

You cannot wear most types of armour.
You are very stealthy in the water. (Stealth+)
You are amphibious.
You can wear up to eight rings at the same time.
You can use your tentacles to constrict eight enemies at once.
Your skin changes colour to match your surroundings (Stealth+).
Your rubbery body absorbs attacks. (AC +1, EV +1)


Message History

Your tentacle spike disappears.
The bat closely misses you. The bat barely misses you. The bat hits you.
* * * LOW HITPOINT WARNING * * *
The bat barely misses you.
You closely miss the bat. Your grab misses the bat.
The bat is heavily wounded.
The bat misses you. x2
The bat misses you. The bat hits you but does no damage.
You barely miss the bat. Your grab misses the bat.
The bat is moderately wounded.
The bat closely misses you.
You miss the bat. Your grab misses the bat. Your squeeze misses the bat.
The bat closely misses you.
You barely miss the goblin. You grab the goblin.
The goblin is heavily wounded.
You constrict the goblin. The bat barely misses you.
The goblin hits you with a club.
You die...

# #.# #.##.########.#.#
*,* # #.# #.##.# #.#.# *,*
# #.# #.##.# #.#.# *,*
#####.####.##.##### #.#.#
*,* #.............#...#
*#.#.# *,*
#.#.#.............###.#..#
*,*
..#...###..####......###.#
*,* ..##.## #..#
###.b#...#.## *,*
.....#**#..# #.g@#.##..##
*,* ...........#
#.###..#..# *,*
#.#######.##
#.#..(.##.######,* #.# #.#
##..(#.g.........* #.# #.#
#.##g=..#.#######*
#.#*****#.#**#.,#..###.#
#..,,,,,,,,,,..,##.#,..#
###*********##.,,...,###
#.,...##*


You could see a goblin and a bat.

Vanquished Creatures
  2 goblins (D:1)
  2 kobolds (D:1)
  A frilled lizard (D:1)
  A rat (D:1)
6 creatures vanquished.

Notes
Turn   | Place    | Note
-------+----------+-------------------------------------------
     0 | D:1      | BingusPrime the Octopode Transmuter began the quest for the Orb.
     0 | D:1      | Reached XP level 1. HP: 13/13 MP: 3/3
   287 | D:1      | Reached XP level 2. HP: 3/18 MP: 5/5
   296 | D:1      | Slain by a goblin

Vault maps used:
D:1:      dpeg_arrival_tiny_f, minmay_pentomino_z4

Action                   || total
-------------------------++-------
Melee: Dagger            ||    19
       Constrict         ||     6
       Unarmed           ||     5
       Kick              ||     4
       Tentacles         ||     2
 Cast: Beastly Appendage ||     5
  Use: Scroll            ||     2
 Stab: Sleeping          ||     1
Armor: Skin              ||     2
Dodge: Dodged            ||    26

Table legend:
 A = Spawn XP
 B = Non-spawn XP
 C = Spawn XP percentage of total XP
 D = Spawn monster count
 E = Non-spawn monster count
 F = Spawn count percentage of total count
 G = Total turns spent on level
                    A         B        C        D         E        F      G
               +---------+---------+-------+---------+---------+-------+---------
         Total |       0 |      10 |   0.0 |       0 |       6 |   0.0 |   296
               +---------+---------+-------+---------+---------+-------+---------
           D:1 |       0 |      10 |   0.0 |       0 |       6 |   0.0 |   296
               +---------+---------+-------+---------+---------+-------+---------
